 Dungeon Crawl Stone Soup version 0.27-a0-1196-g3e9cee4cb2 (webtiles) character file.

Game seed: 17462430574848136176

6909 Mesmaeker13 the Summoner (level 11, -4/54 HPs)
             Began as a Tengu Summoner on May 27, 2021.
             Was a Believer of Sif Muna.
             Slain by a swamp worm (21 damage)
             ... on level 2 of the Lair of Beasts.
             The game lasted 00:28:55 (14943 turns).

Mesmaeker13 the Summoner (Tengu Summoner)          Turns: 14943, Time: 00:28:55

Health: -4/54      AC:  5    Str: 12    XL:     11   Next: 7%
Magic:  10/22      EV: 21    Int: 19    God:    Sif Muna [**....]
Gold:   521        SH:  0    Dex: 21    Spells: 11/24 levels left

rFire    . . .     SeeInvis .   w - +2 spear (venom)
rCold    . . .     Faith    .   (no shield)
rNeg     . . .     Spirit   .   a - +0 robe
rPois    .         Reflect  .   d - +1 hat
rElec    .         Harm     .   (no cloak)
rCorr    .         Rampage  .   e - +1 pair of gloves
Will     .....                  (boots unavailable)
Stlth    ++........             c - amulet of regeneration
HPRegen  1.18/turn              z - ring of Jeuff {Str+4 Dex+6}
MPRegen  0.18/turn              (no ring)

@: flying quickly and evasively, studying Crossbows, quick
A: beak, talons 3, nimble flight
a: Renounce Religion, Channel Magic


You were on level 2 of the Lair of Beasts.
You worshipped Sif Muna.
Sif Muna was pleased with you.
You visited 2 branches of the dungeon, and saw 12 of its levels.

You collected 521 gold pieces.

Inventory:

Hand Weapons
 l - a +2 trident
 w - a +2 spear of venom (weapon)
Missiles
 v - a throwing net
 y - 2 curare-tipped darts
Armour
 a - a +0 robe (worn)
 d - a +1 hat (worn)
 e - a +1 pair of gloves (worn)
Magical Staves
 m - a staff of air
Jewellery
 c - an amulet of regeneration (around neck)
 z - the ring of Jeuff (left hand) {Str+4 Dex+6}
   (You found it on level 7 of the Dungeon)

   [ring of dexterity]

   It affects your strength (+4).
   It affects your dexterity (+6).
 B - a ring of fire
Wands
 f - a wand of mindburst (12)
 u - a wand of iceblast (7)
 A - a wand of flame (15)
Scrolls
 b - 2 scrolls of fear {unknown}
 g - 3 scrolls of magic mapping
 h - 3 scrolls of teleportation
 j - a scroll of acquirement {unknown}
 x - 3 scrolls of fog {unknown}
 D - a scroll of blinking
Potions
 i - 2 potions of degeneration {unknown}
 k - 5 potions of resistance
 n - 7 potions of curing
 q - 5 potions of attraction {unknown}
 r - 5 potions of brilliance
 s - a potion of invisibility {unknown}
 t - 2 potions of heal wounds
 C - a potion of mutation {unknown}


   Skills:
 - Level 2.2 Armour
 - Level 8.0 Dodging
 - Level 2.0 Stealth
 - Level 7.1 Spellcasting
 + Level 10.8 Summonings
 + Level 6.7 Ice Magic
 + Level 7.1 Air Magic
 + Level 2.8 Invocations


You had 11 spell levels left.
You knew the following spells:

 Your Spells              Type           Power      Damage    Failure   Level
a - Summon Lightning Spi  Summ/Air       41%        N/A       2%          4
b - Call Imp              Summ           48%        N/A       1%          2
c - Call Canine Familiar  Summ           48%        N/A       1%          3
d - Summon Ice Beast      Ice/Summ       40%        N/A       2%          4

Your spell library contained the following spells:

 Spells                   Type           Power      Damage    Failure   Level
 Summon Small Mammal      Summ           100%       N/A       1%          1
 Ensorcelled Hibernation  Hex/Ice        38%        N/A       3%          2
 Summon Guardian Golem    Hex/Summ       27%        N/A       3%          3
 Animate Skeleton         Necr           12%        N/A       10%         1
 Corona                   Hex            6%         N/A       10%         1
 Pain                     Necr           24%        1d5       10%         1
 Confusing Touch          Hex            6%         N/A       30%         3
 Dazzling Flash           Conj/Hex       12%        N/A       30%         3
 Tukima's Dance           Hex            6%         N/A       30%         3
 Vampiric Draining        Necr           3%         2d6       30%         3
 Animate Dead             Necr           3%         N/A       69%         4
 Agony                    Necr           6%         N/A       95%         5
 Irradiate                Conj/Tmut      3%         3d14      95%         5
 Blade Hands              Tmut           3%         N/A       100%        6
 Statue Form              Tmut/Erth      4%         N/A       100%        6
 Dragon Form              Tmut           3%         N/A       100%        7


Dungeon Overview and Level Annotations

Branches:
Dungeon (10/15)            Temple (0/1) D:7            Lair (2/6) D:10
  Swamp (0/4) Lair:2
  Snake: Lair:2-4    Spider: Lair:2-4       Orc: D:9-12

Altars:
Dithmenos
Sif Muna
Trog
Zin

Shops:
D:8 *   D:9 *

Annotations:
D:6 3 runed translucent doors, p0werm0de's ghost, novice GrFi
D:8 Harold


Innate Abilities, Weirdness & Mutations

You have a beak for a mouth.
You have claws for feet.
Your magical nature lets you fly swiftly and evasively.


Message History

You start waiting.
Done waiting.
Found 21 sling bullets.
Things that are here:
a komodo dragon corpse; a cane toad corpse
j - a scroll labelled GUNENL ZIWEH You see here a +0 quarterstaff.
You see here 21 sling bullets.
Found a stone staircase leading down.
You see here a +0 leather armour.
There is a stone staircase leading down here.
Found an escape hatch in the floor.
You see here a +0 chain mail.
There is an escape hatch in the floor here.
There is an escape hatch in the floor here.
You see here a +0 chain mail.
A swamp worm comes into view.
The swamp worm fires a harpoon shot at you.
The harpoon shot hits you!!
You are yanked forward by the harpoon shot.
Found a staircase to the Swamp. 2 swamp worms come into view.
Unknown command.
The swamp worm fires a harpoon shot at you.
The harpoon shot misses you.
The swamp worm moves out of view. x2
Casting: Summon Lightning Spire (dangerous; 2% risk of failure)
Confirm with . or Enter, or press ? or * to list all spells.
A chill wind blows around you.
The swamp worm fires a harpoon shot at you.
The harpoon shot hits you!
You are yanked forward by the harpoon shot.
Your ice beast hits the swamp worm but does no damage.
Casting: Summon Ice Beast (dangerous; 2% risk of failure)
Confirm with . or Enter, or press ? or * to list all spells.
A chill wind blows around you. The swamp worm bites you!
* * * LOW HITPOINT WARNING * * *
Casting: Summon Ice Beast (dangerous; 2% risk of failure)
Confirm with . or Enter, or press ? or * to list all spells.
A chill wind blows around you. The swamp worm bites you!!
You die...

....# ###.... ...## ♣♣
#..... ...## ♣♣§≈♣♣
##.... #...## ##♣§§§≈≈♣
##... ##...## ##..≈§>§≈♣
#... #.....###
#..♣♣ww§§♣...... #P..
####....## ##Y♣♣
♣§♣♣.....####.. #.....#
#.w♣♣♣♣♣.......###..
##....##
##.@.Y....).......#.
###...##
#..Y...........P###
#.#...##
#..............P##.
####...#
#...............##.
##..###...^..............
##..................##...
#.##..#............##...#
#####............###...##
##.........##.....#..


You could see a swamp worm (ally target) and 3 friendly ice beasts.

Vanquished Creatures
  2 centaur zombies (D:10)
  A cane toad (Lair:1)
  A wraith (D:9)
  4 yaks (D:8)
  An ice beast (D:7)
  3 orc warriors
  A hornet zombie (D:7)
  2 wolves (Lair:1)
  3 centaurs
  4 lemures
  5 bullfrogs
  A scorpion (D:6)
  A wyvern skeleton (D:7)
  A water moccasin skeleton (D:6)
  2 killer bees (D:8)
  A howler monkey (D:5)
  A gnoll shaman (D:8)
  A hound (D:7)
  A bullfrog skeleton (D:5)
  5 orc priests
  An iguana (D:7)
  6 orc wizards
  A killer bee zombie (D:7)
  10 gnolls
  4 adders (D:5)
  An adder skeleton (D:4)
  16 orcs
  6 ball pythons
  4 bats
  4 endoplasms
  A giant cockroach (D:1)
  4 goblins
  7 hobgoblins
  6 jackals
  4 quokkas
  A frilled lizard (D:3)
  2 kobolds
  6 rats
125 creatures vanquished.

Vanquished Creatures (collateral kills)
  3 hydras
  2 two-headed ogres (D:10)
  Pikel (D:7)
  2 cane toads
  A komodo dragon (Lair:2)
  A kobold demonologist (D:10)
  2 trolls
  A shadow (D:10)
  7 yaks
  A water moccasin (Lair:1)
  2 black bears
  A wolf (Lair:1)
  A centaur (D:5)
  2 ogres
  A bullfrog (D:7)
  A gnoll sergeant (D:8)
  A wyvern zombie (D:8)
  2 killer bees (D:8)
  A centaur zombie (D:8)
  2 jellies
  5 orc priests
  3 iguanas
  5 orc wizards
  A killer bee zombie (D:6)
  10 gnolls
  3 adders
  2 worms
  11 orcs
  2 endoplasms (D:2)
  A goblin (D:3)
  4 hobgoblins
  4 jackals
  3 kobolds
89 creatures vanquished.

Vanquished Creatures (others)
  7 fungi
  2 plants (Lair:2)
9 creatures vanquished.

Grand Total: 223 creatures vanquished

Notes
Turn   | Place    | Note
-------+----------+-------------------------------------------
     0 | D:1      | Mesmaeker13 the Tengu Summoner began the quest for the Orb.
     0 | D:1      | Reached XP level 1. HP: 10/10 MP: 4/4
   454 | D:1      | Reached skill level 5 in Summonings
   533 | D:1      | Reached XP level 2. HP: 15/15 MP: 3/6
   829 | D:1      | Found a faded altar of an unknown god.
  1218 | D:2      | Learned a level 2 spell: Call Imp
  1385 | D:2      | Reached XP level 3. HP: 19/19 MP: 3/7
  2146 | D:3      | Learned a level 3 spell: Call Canine Familiar
  2539 | D:3      | Reached XP level 4. HP: 24/24 MP: 3/9
  3675 | D:4      | Gained mutation: Your magical nature lets you fly swiftly
                  | and evasively. [Tengu growth]
  3675 | D:4      | Reached XP level 5. HP: 28/28 MP: 1/10
  3755 | D:4      | Noticed an ogre
  3790 | D:4      | Killed an ogre
  3791 | D:4      | Reached skill level 6 in Summonings
  3895 | D:4      | Found a bloodstained altar of Trog.
  4276 | D:5      | Entered Level 5 of the Dungeon
  4305 | D:5      | Reached XP level 6. HP: 24/32 MP: 3/12
  4559 | D:5      | Found a shimmering blue altar of Sif Muna.
  4564 | D:5      | Became a worshipper of Sif Muna the Loreminder
  4596 | D:5      | Learned a level 4 spell: Summon Ice Beast
  4704 | D:5      | Reached skill level 1 in Ice Magic
  4896 | D:5      | Reached XP level 7. HP: 36/36 MP: 14/14
  5512 | D:6      | Reached skill level 5 in Dodging
  5604 | D:6      | Reached skill level 7 in Summonings
  5626 | D:6      | Reached * piety under Sif Muna
  5875 | D:6      | Found a runed translucent gate.
  5876 | D:6      | Found a runed translucent gate.
  5877 | D:6      | Noticed a kobold demonologist
  5878 | D:6      | Noticed p0werm0de's ghost (novice GrFi)
  5937 | D:6      | Found a runed translucent gate.
  7180 | D:7      | Noticed Pikel
  7612 | D:7      | Noticed a troll
  7638 | D:7      | Reached XP level 8. HP: 34/41 MP: 11/16
  7801 | D:7      | Found a staircase to the Ecumenical Temple.
  7942 | D:7      | Reached skill level 5 in Spellcasting
  7990 | D:7      | Killed a troll
  8421 | D:7      | Identified the ring of Jeuff {Str+4 Dex+6}
  8470 | D:7      | Reached skill level 8 in Summonings
  8747 | D:7      | Killed Pikel
  8841 | D:7      | Reached XP level 9. HP: 45/45 MP: 11/18
  9184 | D:7      | Learned a level 4 spell: Summon Lightning Spire
  9340 | D:8      | Found Ateittang's Assorted Antiques.
  9375 | D:8      | Noticed a two-headed ogre
  9722 | D:8      | Reached skill level 1 in Air Magic
  9859 | D:8      | Noticed Harold
  9943 | D:9      | Found a shadowy altar of Dithmenos.
 10196 | D:8      | Reached ** piety under Sif Muna
 10201 | D:8      | Reached skill level 9 in Summonings
 10915 | D:8      | Reached skill level 5 in Ice Magic
 11219 | D:9      | Found Osuannar's Assorted Antiques.
 11395 | D:9      | Reached XP level 10. HP: 50/50 MP: 8/20
 11603 | D:10     | Entered Level 10 of the Dungeon
 11607 | D:10     | Noticed a two-headed ogre
 11616 | D:10     | Killed a two-headed ogre
 11622 | D:10     | Noticed a kobold demonologist
 11629 | D:10     | Killed a kobold demonologist
 11848 | D:10     | Reached skill level 1 in Armour
 11888 | D:10     | Noticed a two-headed ogre
 11899 | D:10     | Killed a two-headed ogre
 11900 | D:10     | Reached skill level 10 in Summonings
 11900 | D:10     | Reached skill level 5 in Air Magic
 12026 | D:10     | Found a glowing silver altar of Zin.
 12273 | D:10     | Found a staircase to the Lair.
 12457 | Lair:1   | Entered Level 1 of the Lair of Beasts
 12495 | Lair:1   | Noticed a cane toad
 12513 | Lair:1   | Killed a cane toad
 12820 | Lair:1   | Noticed a cane toad
 12832 | Lair:1   | Killed a cane toad
 13163 | Lair:1   | Reached skill level 1 in Invocations
 13378 | Lair:1   | Noticed an eight-headed hydra
 13389 | Lair:1   | Killed an eight-headed hydra
 13930 | Lair:2   | Noticed an eight-headed hydra
 13939 | Lair:2   | Killed an eight-headed hydra
 13993 | Lair:2   | Noticed a six-headed hydra
 14072 | Lair:2   | Killed a six-headed hydra
 14073 | Lair:2   | Reached XP level 11. HP: 54/54 MP: 10/22
 14935 | Lair:2   | Found a staircase to the Swamp.
 14943 | Lair:2   | Slain by a swamp worm

Illustrated notes

Levels and vault maps discovered:
D:1:      giann_wishing_wells, layout_rooms,
          hellmonk_ecumenical_altar_dog_temple, serial_rivers,
          chequers_serial_rivers_large_a, chequers_serial_rivers_micro_c,
          chequers_serial_rivers_room_a, chequers_serial_rivers_micro_a,
          chequers_serial_rivers_small_3, minmay_octomino_e4
D:2:      layout_loops_ring, minmay_misc_feat_rugged, chequers_garden
D:3:      layout_loops_ring
D:4:      layout_rooms, lemuel_coloured_pillars_altar, kennysheep_windowed_goal
D:5:      layout_rooms, nicolae_sif_muna_little_library, minmay_manual_mares
D:6:      layout_basic, gammafunk_ghost_nasty_kobolds,
          chequers_serial_rivers_room_b
D:7:      layout_rooms, minmay_temple_entry_glassed_door, uniq_pikel
D:8:      layout_loops_cross, serial_shops, nicolae_shop_statue_plus,
          serial_park_tiny_1, minivault_26, uniq_harold
D:9:      layout_rooms, grunt_dithmenos_smoke_and_mirrors, serial_shops, shop
D:10:     layout_cave_pools, zin_statuary, lair_entry_dummy
Lair:1:   layout_regular_city
Lair:2:   layout_cave_pods, minmay_swamp_entry_worms, grunt_megastairs_4

Skill      XL: |  1  2  3  4  5  6  7  8  9 10 |
---------------+-------------------------------+-----
Summonings     | 5 6 7 8 9 10 | 10.8
Dodging        | 3 4 5 6 7 8 |  8.0
Spellcasting   | 3 4 5 6 7 |  7.1
Ice Magic      | 1 2 4 5 6 |  6.7
Air Magic      | 4 7 |  7.1
Armour         | 2 |  2.2
Invocations    | 2 |  2.8
Stealth        | |  2.0

Action                   |  1- 3 |  4- 6 |  7- 9 | 10-12 || total
-------------------------+-------+-------+-------+-------++-------
Melee: Short sword       |    16 |       |       |       ||    16
       Kick              |    11 |    10 |    36 |     4 ||    61
       Peck              |     8 |     4 |    20 |     6 ||    38
       Mace              |    47 |    28 |       |       ||    75
       Trident           |       |    44 |    15 |       ||    59
       Spear             |       |       |   228 |    53 ||   281
 Cast: Summon Small Mamm |    24 |     2 |       |       ||    26
       Call Imp          |     4 |    23 |    21 |       ||    48
       Call Canine Famil |     2 |    18 |    52 |    10 ||    82
       Summon Ice Beast  |       |       |    30 |    47 ||    77
       Summon Lightning  |       |       |       |     2 ||     2
Evoke: Wand              |       |       |     6 |       ||     6
  Use: Scroll            |     2 |     5 |     9 |       ||    16
 Stab: Sleeping          |     3 |     7 |     3 |     1 ||    14
       Distracted        |       |     1 |     3 |     3 ||     7
Armor: Robe              |    20 |    13 |    31 |     8 ||    72
Dodge: Dodged            |    52 |    64 |   175 |    35 ||   326

Table legend: (Time is in decaauts)
 A = Elapsed time spent in this place.
 B = Non-inter-level travel time spent in this place.
 C = Inter-level travel time spent in this place.
 D = Time resting spent in this place.
 E = Time spent auto-exploring this place.
 F = Levels seen in this place.
 G = Mean time per level.
                   A        B        C        D        E       F      G
               +--------+--------+--------+--------+--------+-----+--------+
         Total |  14434 |  13248 |   1186 |   4142 |   6078 |  12 | 1202.8 |
       Dungeon |  12085 |  10953 |   1132 |   3341 |   4789 |  10 | 1208.5 |
          Lair |   2348 |   2294 |     54 |    801 |   1289 |   2 | 1174.0 |
               +--------+--------+--------+--------+--------+-----+--------+

Top non-repeatable levels by time:
     D:6: 1906 daAuts
     D:8: 1561 daAuts
  Lair:1: 1382 daAuts
     D:1: 1356 daAuts
     D:4: 1286 daAuts
     D:2: 1274 daAuts
     D:7: 1168 daAuts
     D:3: 1104 daAuts
     D:5: 1007 daAuts
  Lair:2: 965 daAuts
    D:10: 808 daAuts
     D:9: 612 daAuts
